 Dungeon Crawl Stone Soup version 0.30-a0-782-ge64f9170bb (webtiles) character file.

Game seed: 16952314276292935261

1492 Bnni the Tainter (level 9, 0/66 HPs)
             Began as a Formicid Venom Mage on Mar 1, 2023.
             Was a Follower of Cheibriados.
             Slain by a phantom (6 damage)
             ... on level 6 of the Dungeon.
             The game lasted 00:18:04 (5556 turns).

Bnni the Tainter (Formicid Venom Mage)              Turns: 5556, Time: 00:18:04

Health: 0/66       AC: 11    Str: 23    XL:     9   Next: 7%
Magic:  4/13       EV: 12    Int: 24    God:    Cheibriados [*.....]
Gold:   316        SH:  5    Dex: 19    Spells: 4/14 levels left

rFire   . . .      SeeInvis +    A - +0 lajatang
rCold   + . .      Faith    .    z - +0 buckler
rNeg    . . .      Spirit   .    q - +3 leather armour "Zygh" {Dex+3}
rPois   .          Reflect  .    (helmet unavailable)
rElec   .          Harm     .    x - +0 cloak
rCorr   .          Rampage  .    (no gloves)
Will    .....                    v - +3 pair of boots of Inviolability {Fly Int+5 Slay-5}
Stlth   ++                       (no amulet)
HPRegen 0.31/turn                j - ring of protection from cold
MPRegen 0.13/turn                o - +6 ring of strength

@: flying, very slow
A: permanent stasis, dig shafts and tunnels, antennae 3, four strong arms
a: Dig, Shaft Self, Renounce Religion, Bend Time


You were on level 6 of the Dungeon.
You worshipped Cheibriados.
Cheibriados was aware of your devotion.
You visited 2 branches of the dungeon, and saw 7 of its levels.

You collected 316 gold pieces.

Inventory:

Hand Weapons
 a - a +1 trident of flaming
 A - a +0 lajatang (weapon)
Missiles
 s - 7 boomerangs of dispersal
Armour
 i - a +0 pair of boots
 l - a +0 chain mail
 q - the +3 leather armour "Zygh" (worn) {Dex+3}
   (You found it on level 2 of the Dungeon)

   Dex:       It affects your dexterity (+3).
 v - the +3 pair of boots of Inviolability (worn) {Fly Int+5 Slay-5}
   (You found it on level 4 of the Dungeon)

   Int:       It affects your intelligence (+5).
   Slay:      It affects your accuracy & damage with ranged weapons and melee
   (-5).
   Fly:       It grants you flight.
 x - a +0 cloak (worn)
 z - a +0 buckler (worn)
Magical Staves
 r - a staff of poison
Jewellery
 f - a ring of flight
 j - a ring of protection from cold (left hand)
 o - a +6 ring of strength (right hand)
Wands
 n - a wand of roots (4)
Scrolls
 b - a scroll of identify
 d - a scroll of fear
 e - a scroll of enchant armour {unknown}
 h - 2 scrolls of blinking {unknown}
 m - 3 scrolls of vulnerability
 p - 2 scrolls of poison
 t - a scroll of magic mapping
 u - 2 scrolls of immolation {unknown}
 w - 2 scrolls of butterflies {unknown}
 y - a scroll of brand weapon {unknown}
Potions
 c - a potion of curing
 g - 2 potions of brilliance
 k - a potion of attraction {unknown}
 B - 2 potions of degeneration {unknown}


   Skills:
 + Level 4.7 Fighting
 + Level 4.2 Armour
 - Level 1.7 Dodging
 - Level 2.4 Stealth
 + Level 1.9 Shields
 - Level 3.0 Spellcasting
 - Level 1.1 Transmutations
 + Level 2.9 Air Magic
 * Level 9.4 Poison Magic
 + Level 3.6 Invocations


You had 4 spell levels left.
You knew the following spells:

 Your Spells              Type           Power      Damage    Failure   Level
a - Sting                 Tmut/Pois      100%       1d8       1%          1
b - Poisonous Vapours     Pois/Air       66%        N/A       1%          2
c - Mephitic Cloud        Conj/Pois/Air  23%        N/A       9%          3
d - Olgreb's Toxic Radia  Pois           48%        N/A       3%          4

Your spell library contained the following spells:

 Spells                   Type           Power      Damage    Failure   Level
 Apportation              Tloc           6%         N/A       16%         1
 Necrotise                Necr           12%        1d4       16%         1
 Summon Small Mammal      Summ           12%        N/A       16%         1
 Call Canine Familiar     Summ           3%         N/A       41%         3
 Summon Guardian Golem    Hex/Summ       3%         N/A       41%         3
 Chain Lightning          Conj/Air       5%         3d6       100%        9
 Fire Storm               Conj/Fire      1%         8d1       100%        9
 Shatter                  Erth           1%         3d6*      100%        9


Dungeon Overview and Level Annotations

Branches:
Dungeon (6/15)             Temple (1/1) D:4

Altars:
Cheibriados
Dithmenos
Elyvilon
Fedhas
Gozag
Hepliaklqana
Kikubaaqudgha
Makhleb
Okawaru
Qazlal
Ru
Sif Muna
Trog
Vehumet
Xom
Yredelemnul
Zin

Shops:
D:1 ?


Innate Abilities, Weirdness & Mutations

You cannot be hasted, slowed, berserked, paralysed or teleported.
You can dig through walls and to a lower floor.
You have a pair of large antennae on your head. (SInv)
Your four strong arms can wield two-handed weapons with a shield.


Message History

* * * LOW HITPOINT WARNING * * *
You closely miss the phantom.
The phantom is lightly damaged.
The phantom closely misses you.
You hit the phantom but do no damage.
The phantom is lightly damaged.
The phantom hits you.
* * * LOW HITPOINT WARNING * * *
A - a +0 lajatang (weapon)
You barely miss the phantom.
The phantom is lightly damaged.
The phantom hits you but does no damage.
The phantom hits you.
* * * LOW HITPOINT WARNING * * *
You barely miss the phantom.
The phantom is lightly damaged.
You block the phantom's attack.
You closely miss the phantom.
The phantom is lightly damaged.
The walls and floor vibrate strangely for a moment.
The phantom misses you.
The phantom hits you but does no damage.
You hit the phantom but do no damage.
The phantom is lightly damaged.
The phantom closely misses you.
You slash the phantom!
The phantom is heavily damaged.
You block the phantom's attack. The phantom hits you.
* * * LOW HITPOINT WARNING * * *
You barely miss the phantom.
The phantom is heavily damaged.
You block the phantom's attack.
You closely miss the phantom.
The phantom is heavily damaged.
The phantom hits you but does no damage.
The phantom barely misses you.
You barely miss the phantom.
The phantom is heavily damaged.
The phantom hits you.
You die...

...###..# #...##########.....#
..####.### ##....##.........#.#
._#2##.#.## ##.####.#######...#
..####....#####...##..........#.#
.#######..#.##........#.###.#...#
.###..###......)......#.....#.#.#
.#.....##.............#.._..#.#.#
...#..........#.##..[.#.....#.#..
..###..).###..##@##.).#.###.#.##.
.......#.)##...W##............###
......##.......h.#[...#######.###
.................[............#.#
..#..............................
..###.).............)............
.###....<.......).[.[......##....
. ###.....####........#..........
...........# #........#..........


You could see a black bear and a phantom.

Vanquished Creatures
  A water moccasin (D:6)
  Duvessa (D:6)
  An ice beast (D:5)
  2 black bears
  2 ogres
  A centaur (D:5)
  2 necrophages
  A scorpion (D:5)
  Dowan (D:6)
  4 howler monkeys
  A hound (D:5)
  3 iguanas
  Ijyb (D:3)
  4 gnolls (D:6)
  7 adders
  A white imp (D:5)
  4 worms
  5 dart slugs
  13 orcs
  8 ball pythons
  8 bats
  9 endoplasms
  3 giant cockroaches
  13 goblins
  7 hobgoblins
  2 quokkas
  3 frilled lizards
  7 kobolds
  3 rats
118 creatures vanquished.

Notes
Turn   | Place    | Note
-------+----------+-------------------------------------------
     0 | D:1      | Bnni the Formicid Venom Mage began the quest for the Orb.
     0 | D:1      | Reached XP level 1. HP: 13/13 MP: 3/3
   198 | D:1      | Reached XP level 2. HP: 20/20 MP: 0/5
   426 | D:1      | Reached skill level 1 in Fighting
   470 | D:1      | Learned a level 2 spell: Poisonous Vapours
   624 | D:1      | Reached XP level 3. HP: 26/26 MP: 4/6
   658 | D:1      | Found The Oracle's Delphic Readings.
   821 | D:1      | Reached skill level 5 in Poison Magic
   847 | D:1      | Found a faded altar of an unknown god.
  1202 | D:2      | Reached XP level 4. HP: 23/32 MP: 4/8
  1209 | D:2      | Learned a level 4 spell: Olgreb's Toxic Radiance
  1478 | D:2      | Identified the +3 leather armour "Zygh" {Dex+3}
  2023 | D:3      | Found a shimmering altar of Xom.
  2067 | D:3      | You are sucked into a shaft and drop 2 floors!
  2067 | D:5      | Entered Level 5 of the Dungeon
  2185 | D:5      | Noticed an ice beast
  2201 | D:5      | Noticed an ogre
  2275 | D:4      | Reached XP level 5. HP: 38/38 MP: 7/9
  2317 | D:3      | Reached skill level 1 in Armour
  2542 | D:3      | Noticed Ijyb
  2558 | D:3      | Killed Ijyb
  2559 | D:3      | Reached skill level 6 in Poison Magic
  2934 | D:3      | Learned a level 3 spell: Mephitic Cloud
  3113 | D:4      | Identified the +3 pair of boots of Inviolability {Fly Int+5
                  | Slay-5}
  3309 | D:4      | Reached XP level 6. HP: 46/46 MP: 6/10
  3485 | D:4      | Noticed an ogre
  3504 | D:4      | Killed an ogre
  3505 | D:4      | Reached skill level 1 in Air Magic
  3660 | D:4      | Noticed a black bear
  3680 | D:4      | Killed a black bear
  3681 | D:4      | Reached skill level 7 in Poison Magic
  3681 | D:4      | Reached XP level 7. HP: 37/52 MP: 1/11
  3866 | D:4      | Found a staircase to the Ecumenical Temple.
  3878 | Temple   | Entered the Ecumenical Temple
  3895 | Temple   | Became a worshipper of Cheibriados the Contemplative
  4131 | D:5      | Reached skill level 1 in Invocations
  4583 | D:5      | Reached skill level 8 in Poison Magic
  4583 | D:5      | Reached XP level 8. HP: 39/55 MP: 12/12
  5038 | D:6      | Reached * piety under Cheibriados
  5038 | D:6      | Noticed Duvessa
  5048 | D:6      | Noticed Dowan
  5283 | D:6      | Killed Duvessa
  5284 | D:6      | Reached skill level 9 in Poison Magic
  5298 | D:6      | Killed Dowan
  5299 | D:6      | Reached skill level 1 in Shields
  5358 | D:6      | Found a burning altar of Makhleb.
  5360 | D:6      | Found a glowing silver altar of Zin.
  5360 | D:6      | Noticed an angel
  5360 | D:6      | Noticed a balrug
  5376 | D:6      | Found an ancient bone altar of Kikubaaqudgha.
  5417 | D:6      | Found a basalt altar of Yredelemnul.
  5531 | D:6      | Reached XP level 9. HP: 11/66 MP: 0/13
  5556 | D:6      | Slain by a phantom

Illustrated notes

Levels and vault maps discovered:
D:1:      ncdulo_halloftheorcs, layout_rooms,
          shapermc_ecumenical_altar_acropolis, nicolae_nh_oracle_at_delphi
D:2:      layout_basic, hangedman_glass_teeth, st_stairs_6, minmay_hexomino_f4
D:3:      layout_loops_ring, nicolae_overflow_crystal_walls,
          kennysheep_decorative_pillar, uniq_ijyb
D:4:      layout_rooms, minmay_temple_entry_offerings,
          chequers_serial_rivers_small_3, minmay_circle_x
D:5:      layout_cave_pods
D:6:      layout_cave_pools, mainiacjoe_overflow_cross_hatched,
          lemuel_round_altar, nicolae_uskayaw_dance_studio,
          grunt_temple_overflow_order_and_chaos_2, cheibrodos_sewer_entry_bend,
          lightli_church_of_beogh, uniq_duvessa
Temple:   hellmonk_temple_two_chambers

Skill      XL: |  1  2  3  4  5  6  7  8 |
---------------+-------------------------+-----
Fighting       | 1 2 3 4 |  4.7
Poison Magic   | 5 6 7 8 9 |  9.4
Spellcasting   | 3 |  3.0
Armour         | 1 2 3 4 |  4.2
Air Magic      | 1 2 |  2.9
Invocations    | 2 3 |  3.6
Shields        | 1 |  1.9
Dodging        | |  1.7
Stealth        | |  2.4
Transmutations | |  1.1

Action                     |  1- 3 |  4- 6 |  7- 9 || total
---------------------------+-------+-------+-------++-------
  Melee: Unarmed           |    13 |       |       ||    13
         Short sword       |    35 |    17 |       ||    52
         Trident           |       |    29 |       ||    29
         Punch             |       |     3 |     3 ||     6
         Staff             |       |    60 |   191 ||   251
         Lajatang          |       |       |    24 ||    24
   Cast: Sting             |    41 |    26 |    26 ||    93
         Poisonous Vapours |       |    29 |    19 ||    48
         Olgreb's Toxic Ra |       |     3 |     5 ||     8
         Mephitic Cloud    |       |     1 |     2 ||     3
Ability: Dig               |       |       |     1 ||     1
  Evoke: Wand              |       |       |     2 ||     2
    Use: Scroll            |       |     6 |     1 ||     7
         Potion            |       |     1 |     2 ||     3
   Stab: Sleeping          |       |     6 |       ||     6
         Confused          |       |       |     1 ||     1
 Armour: Robe              |    18 |       |       ||    18
         Leather armour    |       |    36 |   115 ||   151
  Dodge: Dodged            |    43 |    80 |   156 ||   279
  Block: Buckler           |       |       |    11 ||    11

Table legend: (Time is in decaauts)
 A = Elapsed time spent in this place.
 B = Non-inter-level travel time spent in this place.
 C = Inter-level travel time spent in this place.
 D = Time resting spent in this place.
 E = Time spent auto-exploring this place.
 F = Levels seen in this place.
 G = Mean time per level.
                   A        B        C        D        E       F      G
               +--------+--------+--------+--------+--------+-----+--------+
         Total |   5883 |   5604 |    279 |    631 |   3568 |   7 |  840.4 |
       Dungeon |   5854 |   5585 |    269 |    631 |   3561 |   6 |  975.7 |
        Temple |     28 |     18 |     10 |      0 |      7 |   1 |   28.0 |
               +--------+--------+--------+--------+--------+-----+--------+

Top non-repeatable levels by time:
     D:5: 1577 daAuts
     D:4: 1029 daAuts
     D:1: 985 daAuts
     D:2: 937 daAuts
     D:3: 785 daAuts
     D:6: 538 daAuts
  Temple: 28 daAuts
